Unix NetHack Version 5.0.0-0 post-release - last build Jun 10 2026 00:39:30 (3ee93aec679c4c4259841fe613dc97188e26a321,branch:main).

Game began 2026-06-11 16:59:20, ended 2026-06-11 17:09:08.

ArrBianca, neutral female gnomish Healer

                                                                 -------
                                                                 |.<.h@|
                                                                 |...Mf|
                                                                 |.....|
                                                                 ---.---
                                                                    #
                                                                    ###
                                                                      #
                                                                      #
                                                                      #
                                                                      ##
                                                            -----------|---
                                                            |.............|
                                                            |.............|
                                                            ..............|
                                                            |........(.$..|
                                                            ---------------

ArrBianca the Empiric        St:9 Dx:11 Co:14 In:12 Wi:14 Ch:17  Neutral
Dlvl:5  $:1763 HP:0(26) Pw:4(10) AC:5  Xp:3 T:1738 

Latest messages:
 You swap places with your kitten.
 The rothe hits!
 The rothe misses!
 The rothe misses!
 You hit the rothe.
 The rothe hits!
 The rothe bites!
 The rothe bites again!
 You swap places with your kitten.
 The kitten misses the rothe.
 The kitten bites the rothe.
 The rothe misses the kitten.
 The rothe misses the kitten.
 The rothe bites the kitten.
 You swap places with your kitten.
 You hear crashing rock.
 You stop searching.
 The kitten bites the rothe.
 The rothe is killed!
 Your kitten eats a rothe corpse.
 You are beginning to feel hungry.
 You stop searching.
 What do you want to eat? [qB or ?*]
 This lembas wafer is delicious!
 You finish eating the lembas wafer.
 You stop searching.
 The kitten misses the kobold mummy.
 The kitten bites the kobold mummy.
 The kobold mummy misses the kitten.
 Are you waiting to get hit?  Use 'm' prefix to force a no-op (to rest).
 You miss the kobold mummy.
 The kobold mummy hits!
 You hear crashing rock.
 The kitten misses the kobold mummy.
 You hit the kobold mummy.
 The kitten bites the kobold mummy.
 The kobold mummy hits the kitten.
 You miss the kobold mummy.
 The kobold mummy hits!
 You hit the kobold mummy.
 You hit the kobold mummy.
 The kobold mummy hits!
 You miss the kobold mummy.
 The kobold mummy hits!
 You see here a statue of a dwarf.
 You swap places with your kitten.
 You hit the kobold mummy.
 The kobold mummy hits!
 You die...
 Do you want your possessions identified? [ynq] (y)

Inventory:
 Coins    ('$')
  $ - 1763 gold pieces
 Weapons  (')')
  a - a +0 scalpel (weapon in right hand)
 Comestibles  ('%')
  q - 2 uncursed tripe rations
 Wands    ('/')
  z - a wand of death (0:6)
  g - a wand of sleep (0:4)
 Tools    ('(')
  c - an uncursed stethoscope
 Scrolls  ('?')
  s - an uncursed scroll of enchant armor
 Potions  ('!')
  f - 4 uncursed potions of extra healing
  e - a blessed potion of healing
  d - 4 uncursed potions of healing
  m - a blessed potion of levitation
 Armor    ('[')
  k - an uncursed +0 orcish helm (being worn)
  b - an uncursed +1 pair of leather gloves (being worn)
  y - an uncursed +0 leather armor (being worn)
 Spellbooks  ('+')
  i - a blessed spellbook of extra healing
  h - a blessed spellbook of healing
  j - a blessed spellbook of stone to flesh

ArrBianca the Healer's attributes:

Background:
 You were an Empiric, a level 3 female gnomish Healer.
 You were neutral, on a mission for Hermes
 who was opposed by Athena (lawful) and Poseidon (chaotic).
 You were right-handed.
 You were in the Dungeons of Doom, on level 5.
 You entered the dungeon 1738 turns ago.
 You had 65 experience points, 15 more were needed to attain level 4.

Basics:
 You had 0 out of 26 hit points.
 You had 4 out of 10 energy points (spell power).
 Your armor class was 5.
 Your wallet contained 1763 zorkmids.
 Autopickup was on for '$?!/="+%' plus thrown, with exceptions.

Final Characteristics:
 Your strength was 9 (limit:18/50).
 Your dexterity was 11 (limit:18).
 Your constitution was 14 (limit:18).
 Your intelligence was 12 (limit:19).
 Your wisdom was 14 (limit:18).
 Your charisma was 17 (limit:18).

Final Status:
 You weren't hungry.
 You were unencumbered.
 You were wielding a knife.
 You had basic skill with knife.

Final Attributes:
 You were devoutly aligned.
 You were poison resistant.
 You had infravision.
 You were warded.
 You are dead.

Miscellaneous:
 You didn't encounter any bones levels.
 Total elapsed playing time was 9 minutes and 47 seconds.

Major events:
 Turn
    1: ArrBianca the neutral female gnomish Healer entered the dungeon
 1204: attained the rank of Empiric (level 3)
 1738: killed by a kobold mummy

Spells:
 Name                 Level Category     Fail Retention
 healing                1   healing        1%  91%-100%
 extra healing          3   healing       22%  91%-100%
 stone to flesh         3   healing       41%  91%-100%

Skills:
 Fighting Skills
   bare handed combat [Unskilled]
 Weapon Skills
   dagger             [Unskilled]
   knife              [Basic]
   short sword        [Unskilled]
   saber              [Unskilled]
   club               [Unskilled]
   mace               [Unskilled]
   quarterstaff       [Unskilled]
   polearms           [Unskilled]
   spear              [Unskilled]
   trident            [Unskilled]
   sling              [Unskilled]
   dart               [Unskilled]
   shuriken           [Unskilled]
   unicorn horn       [Unskilled]
 Spellcasting Skills
   healing spells     [Basic]

Voluntary challenges:
 Character rerolling was not enabled.
 You were illiterate.
 You never genocided any monsters.
 You never polymorphed an object.
 You never changed form.
 You used no wishes.
Achievements:
 You attained the rank of Empiric.
 You entered a shop.

 The Dungeons of Doom: levels 1 to 5
    Level 1:
       An altar.
    Level 2:
       A fountain.
    Level 3:
       A vegetarian food shop, an altar, a fountain.
    Level 4:
       A fountain, a sink.
    Level 5: <- You were here.
       Final resting place for
          you, killed by a kobold mummy.


Vanquished creatures:
  a giant ant
  a little dog
  a rothe
  2 dwarf zombies
 an acid blob
  a hobbit
  3 geckos
  2 jackals
  2 foxes
  3 goblins
  4 grid bugs
  2 lichens
  a kobold zombie
  7 newts
31 creatures vanquished.

No species were genocided or became extinct.

Game over:
                       ----------
                      /          \
                     /    REST    \
                    /      IN      \
                   /     PEACE      \
                  /                  \
                  |    ArrBianca     |
                  |     1763 Au      |
                  |   killed by a    |
                  |   kobold mummy   |
                  |                  |
                  |                  |
                  |       2026       |
                 *|     *  *  *      | *
        _________)/\\_//(\/(/\)/\//\/|_)_______

Goodbye ArrBianca the Healer...

You died in The Dungeons of Doom on dungeon level 5 with 531 points,
and 1763 pieces of gold, after 1738 moves.
You were level 3 with a maximum of 26 hit points when you died.

